 Dungeon Crawl Stone Soup version 0.28.0 (webtiles) character file.

Game seed: 14398629396263832736

86 Kalagan26 the Grave Robber (level 4, -15/30 HPs)
             Began as a Vampire Necromancer on Feb 18, 2022.
             Demolished by an ogre (19 damage)
             ... on level 5 of the Dungeon.
             The game lasted 00:19:48 (3392 turns).

Kalagan26 the Grave Robber (Vampire Necromancer)    Turns: 3392, Time: 00:19:48

Health: -15/30     AC: 12    Str: 13    XL:     4   Next: 27%
Magic:  2/8        EV: 10    Int: 19    God:
Gold:   104        SH:  0    Dex: 17    Spells: 4/9 levels left

rFire   . . .      SeeInvis +   (no weapon)
rCold   + . .      Faith    .   (no shield)
rNeg    . . .      Spirit   .   i - +6 scale mail of Okawaru's Reproof {rC+ Dex+3}
rPois   .          Reflect  .   (no helmet)
rElec   .          Harm     .   (no cloak)
rCorr   .          Rampage  .   (no gloves)
Will    .....                   (no boots)
Stlth   +.........              d - amulet of the acrobat
HPRegen 0.30/turn               g - +6 ring of strength
MPRegen 0.11/turn               (no ring)

@: healing quickly
A: alive, fangs 3, see invisible, vampiric 2
a: Exsanguinate


You were on level 5 of the Dungeon.
You visited 1 branch of the dungeon, and saw 5 of its levels.

You collected 104 gold pieces.

Inventory:

Hand Weapons
 e - a +0 dagger
Missiles
 j - 6 poisoned darts
Armour
 a - a +0 robe
 i - the +6 scale mail of Okawaru's Reproof (worn) {rC+ Dex+3}
   (You found it on level 3 of the Dungeon)

   Dex:       It affects your dexterity (+3).
   rC:        It protects you from cold.
Jewellery
 d - an amulet of the acrobat (around neck)
 g - a +6 ring of strength (left hand)
Scrolls
 f - 2 scrolls of identify {unknown}
 h - a scroll of blinking {unknown}
 k - 2 scrolls of teleportation {unknown}
 l - 3 scrolls of fog {unknown}
 m - a scroll of noise {unknown}
Potions
 b - 3 potions of curing {unknown}
 c - 2 potions of flight {unknown}


   Skills:
 * Level 2.5 Dodging
 + Level 3.2 Stealth
 * Level 3.3 Spellcasting
 + Level 5.2 Necromancy


You had 4 spell levels left.
You knew the following spells:

 Your Spells              Type           Power      Damage    Failure   Level
a - Pain                  Necr           92%        1d8       9%          1
b - Vampiric Draining     Necr           23%        2d7       26%         3
c - Animate Skeleton      Necr           46%        N/A       9%          1

Your spell library contained the following spells:

 Spells                   Type           Power      Damage    Failure   Level
 Animate Dead             Necr           11%        N/A       65%         4
 Gell's Gravitas          Tloc           3%         N/A       92%         3
 Lesser Beckoning         Tloc           3%         N/A       92%         3
 Teleport Other           Tloc           3%         N/A       92%         3
 Olgreb's Toxic Radiance  Pois           3%         N/A       100%        4
 Agony                    Necr           23%        N/A       94%         5
 Ozocubu's Refrigeration  Ice            1%         4d5       100%        7
 Ignition                 Fire           1%         3d3       100%        8


Dungeon Overview and Level Annotations

Branches:
Dungeon (5/15)
 Temple: D:4-7

Altars:

Shops:
D:1 :(:[   D:3 *:[


Innate Abilities, Weirdness & Mutations

Your natural rate of healing is accelerated.
You have razor-sharp teeth.
You have supernaturally acute eyesight. (SInv)
You are afflicted with vampirism and can become a bat while bloodless.


Message History

Ouch! That really hurt!
Found 12 gold pieces and 5 poisoned darts.
Aiming: Pain (safe; 9% risk of failure)
Press: ? - help, Q - select action, (/) - cycle Shift-Dir - straight line, f/p - ogre
Aim: an ogre, wielding a +0 giant club (lightly wounded, chance to affect: 81%)
The ogre barely resists.
A dart slug comes into view.
Found 6 gold pieces.
Aiming: Pain (safe; 9% risk of failure)
Press: ? - help, Q - select action, (/) - cycle Shift-Dir - straight line, f/p - ogre
Aim: an ogre, wielding a +0 giant club (lightly wounded, chance to affect: 81%)
The ogre writhes in agony!
The ogre barely misses you.
Aiming: Pain (safe; 9% risk of failure)
Press: ? - help, Q - select action, (/) - cycle Shift-Dir - straight line, f/p - ogre
Aim: an ogre, wielding a +0 giant club (moderately wounded, chance to affect: 81%)
The ogre barely resists.
The dart slug launches a dart at you.
The slug dart hits you but does no damage.
The ogre hits you with a +0 giant club!
* * * LOW HITPOINT WARNING * * *
Aiming: Pain (safe; 9% risk of failure)
Press: ? - help, Q - select action, (/) - cycle Shift-Dir - straight line, f/p - ogre
Aim: an ogre, wielding a +0 giant club (moderately wounded, chance to affect: 81%)
The ogre writhes in agony.
Unknown command.
Aiming: Pain (safe; 9% risk of failure)
Press: ? - help, Q - select action, (/) - cycle Shift-Dir - straight line, f/p - ogre
Aim: an ogre, wielding a +0 giant club (heavily wounded, chance to affect: 81%)
The ogre writhes in agony.
The ogre hits you but does no damage. The dart slug launches a dart at you.
The slug dart misses you.
Aiming: Pain (safe; 9% risk of failure)
Press: ? - help, Q - select action, (/) - cycle Shift-Dir - straight line, f/p - ogre
Aim: an ogre, wielding a +0 giant club (severely wounded, chance to affect: 81%)
The ogre writhes in agony!
The ogre hits you with a +0 giant club!!
Ouch! That really hurt!
You die...

...##(#.##.#..<.#
. #$#.##.######
#.#.##.. #.#.####
# ####.#.###....
#.............
#.....####.###
...##+##.....+
$......@O....#
....w........#
.............#
####.........#
##........#
###....### #....#
#....#


You could see an ogre and a dart slug.

Vanquished Creatures
  2 adders
  A worm (D:4)
  2 dart slugs
  An orc (D:3)
  5 ball pythons
  6 endoplasms
  4 giant cockroaches
  7 goblins
  5 hobgoblins
  7 kobolds
  A quokka (D:1)
  6 bats
  5 frilled lizards
  3 rats (D:1)
55 creatures vanquished.

Vanquished Creatures (others)
  7 toadstools (D:2)
7 creatures vanquished.

Grand Total: 62 creatures vanquished

Notes
Turn   | Place    | Note
-------+----------+-------------------------------------------
     0 | D:1      | Kalagan26 the Vampire Necromancer began the quest for the
                  | Orb.
     0 | D:1      | Reached XP level 1. HP: 13/13 MP: 3/3
    10 | D:1      | Found Voyxtul's Book Shop.
   155 | D:1      | Found Tokhaul's Antique Weapon Emporium.
   208 | D:1      | Reached XP level 2. HP: 17/19 MP: 0/5
   732 | D:1      | Found a faded altar of an unknown god.
   817 | D:1      | Found Suez's Book Shop.
   846 | D:1      | Found Noschaosy's Armour Shop.
  1006 | D:1      | Gained mutation: You are afflicted with vampirism and can
                  | become a bat while bloodless. [Vampire growth]
  1006 | D:1      | Reached XP level 3. HP: 23/24 MP: 4/7
  1311 | D:2      | Learned a level 3 spell: Vampiric Draining
  1461 | D:2      | Reached skill level 5 in Necromancy
  1859 | D:3      | Identified the +6 scale mail of Okawaru's Reproof {rC+
                  | Dex+3}
  2085 | D:3      | Found Dunikheh's Assorted Antiques.
  2103 | D:3      | Reached XP level 4. HP: 28/30 MP: 3/8
  2678 | D:3      | Found Bunnieti's Book Emporium.
  2685 | D:3      | Found Xyeg's Armour Boutique.
  3213 | D:3      | Learned a level 1 spell: Animate Skeleton
  3363 | D:5      | Entered Level 5 of the Dungeon
  3378 | D:5      | Noticed an ogre
  3392 | D:5      | Demolished by an ogre

Illustrated notes

Levels and vault maps discovered:
D:1:      matt_arrival_grand_opening, layout_basic, serial_shops, shop,
          nicolae_shop_waterfront, nicolae_shop_stone, nicolae_shop_statue_plus,
          shapermc_ecumenical_altar_totnotflames, minmay_hexomino_f4
D:2:      cheibrodos_fertilizer, layout_basic,
          hangedman_abyss_or_decor_lesser_grid
D:3:      minmay_door_path, layout_loops_corners, serial_shops,
          nicolae_shop_bloodbath_and_beyond, shop, shop,
          nicolae_shop_temple_entry_statues_fountains, nicolae_shop_behind_doors
D:4:      layout_loops_ring, serial_bayou_lake_a, uniq_duvessa
D:5:      lemuel_castle_with_subvaults [lemuel_castle_interior_original],
          layout_basic, chequers_temple_overflow_minitemple,
          minmay_temple_entry_grid, uniq_pikel

Skill      XL: |  1  2  3 |
---------------+----------+-----
Spellcasting   | 3 |  3.3
Necromancy     | 5 |  5.2
Dodging        | |  2.5
Stealth        | |  3.2

Action                   |  1- 3 |  4- 6 || total
-------------------------+-------+-------++-------
Melee: Unarmed           |    11 |       ||    11
       Bite              |     2 |       ||     2
 Cast: Pain              |    71 |    29 ||   100
Armor: Robe              |     6 |       ||     6
       Scale mail        |     1 |     5 ||     6
Dodge: Dodged            |    26 |    14 ||    40
